 Dungeon Crawl Stone Soup version 0.29.1-15-g9cfb28693d (webtiles) character file.

Game seed: 4089689148168613286

53 Labrat the Conjurer (level 4, -4/33 HPs)
             Began as a Meteoran Conjurer on Apr 15, 2023.
             Slain by Pargi (6 damage)
             ... on level 3 of the Dungeon.
             The game lasted 00:08:12 (698 turns).

Labrat the Conjurer (Meteoran Conjurer)              Turns: 698, Time: 00:08:12

Health: -4/33      AC:  2    Str:  8    XL:     4   Next: 31%
Magic:  3/10       EV: 12    Int: 27    God:
Gold:   31         SH:  0    Dex: 13    Spells: 7/10 levels left

rFire   . . .      SeeInvis .   f - +1 hand axe (vorpal)
rCold   . . .      Faith    .   (no shield)
rNeg    . . .      Spirit   .   a - +0 robe
rPois   .          Reflect  .   (no helmet)
rElec   .          Harm     .   (no cloak)
rCorr   .          Rampage  .   (no gloves)
Will    .....                   (no boots)
Stlth   +.........              (no amulet)
HPRegen 0.11/turn               g - +6 ring of intelligence
MPRegen 0.12/turn               (no ring)

@: glowing
A: sense surroundings 1, otherworldly, glowing, explore regen
a: no special abilities


You were on level 3 of the Dungeon.
You visited 1 branch of the dungeon, and saw 3 of its levels.

You collected 31 gold pieces.

Inventory:

Hand Weapons
 f - a +1 vorpal hand axe (weapon)
Armour
 a - a +0 robe (worn)
Jewellery
 g - a +6 ring of intelligence (left hand)
Scrolls
 d - a scroll of amnesia {unknown}
 e - a scroll of summoning {unknown}
 h - a scroll of fear {unknown}
 l - a scroll of identify {unknown}
Potions
 b - a potion of magic
 c - 2 potions of curing {unknown}
 i - a potion of lignification {unknown}
 j - a potion of haste {unknown}
 k - a potion of degeneration {unknown}


   Skills:
 - Level 2.6 Dodging
 - Level 1.5 Stealth
 + Level 3.8 Spellcasting
 + Level 5.6 Conjurations


You had 7 spell levels left.
You knew the following spells:

 Your Spells              Type           Power      Damage    Failure   Level
a - Magic Dart            Conj           100%       1d8       1%          1
b - Searing Ray           Conj           70%        2d7       1%          2

Your spell library contained the following spells:

 Spells                   Type           Power      Damage    Failure   Level
 Dazzling Flash           Conj/Hex       40%        N/A       8%          3
 Summon Small Mammal      Summ           20%        N/A       9%          1
 Call Canine Familiar     Summ           5%         N/A       24%         3
 Summon Guardian Golem    Hex/Summ       5%         N/A       24%         3
 Fulminant Prism          Conj/Hex       10%        3d9       26%         4
 Iskenderun's Mystic Bla  Conj/Tloc      20%        2d6       26%         4
 Fireball                 Conj/Fire      10%        3d6       56%         5
 Starburst                Conj/Fire      10%        6d5       98%         6
 Ignition                 Fire           2%         3d3       100%        8


Dungeon Overview and Level Annotations

Branches:
Dungeon (3/15) Zot: 1099

Altars:

Annotations:
D:3 Pargi


Innate Abilities, Weirdness & Mutations

You passively map a small area around you.
You are easily found by Zot.
You glow in the dark.
You regain HP and MP as you explore.


Message History

Press: ? - help, Shift-Dir - straight line, f - adder
Aim: an adder (68% to hit)
The searing ray hits the adder!
The adder is severely wounded. (Press . to maintain the ray.)
The adder bites you.
You are poisoned.
The adder poisons you!
The searing ray hits the adder!
You kill the adder!
You feel sick.
Unknown command.
Pargi the Meek comes into view.
You feel sick.
Pargi shouts!
You see here an adder corpse.
You feel sick. Pargi barely misses you. Pargi claws you. x2
Unknown command.
Casting: Searing Ray (safe; 1% risk of failure)
Confirm with . or Enter, or press ? or * to list all spells.
Aiming: Searing Ray (safe; 1% risk of failure)
Press: ? - help, Shift-Dir - straight line, f - Pargi
Aim: Pargi (76% to hit)
The searing ray hits Pargi!
Pargi is moderately wounded. (Press . to maintain the ray.)
You feel sick. Pargi bites you. Pargi claws you. x2
Unknown command.
The searing ray misses Pargi.
You feel sick.
You are no longer poisoned.
Pargi bites you.
* * * LOW HITPOINT WARNING * * *
Pargi claws you.
* * * LOW HITPOINT WARNING * * *
Pargi claws you.
* * * LOW HITPOINT WARNING * * *
The searing ray hits Pargi!
Pargi is heavily wounded.
Pargi bites you.
You die...

* , * * , ,, * *
, * ,, ,
###############
.......<.......
########†#######
#.....T@.# *
#.######.# * *
***### * * , , *
** * * *


You could see Pargi.

Vanquished Creatures
  3 adders
  A worm (D:2)
  A dart slug (D:1)
  5 bats
  2 hobgoblins
  A quokka (D:3)
  A ball python (D:1)
  2 frilled lizards (D:1)
  5 kobolds
  3 rats
24 creatures vanquished.

Notes
Turn   | Place    | Note
-------+----------+-------------------------------------------
     0 | D:1      | Labrat the Meteoran Conjurer began the quest for the Orb.
     0 | D:1      | Reached XP level 1. HP: 14/14 MP: 5/5
   154 | D:1      | Reached XP level 2. HP: 20/20 MP: 3/6
   162 | D:1      | Reached skill level 5 in Conjurations
   255 | D:2      | Found a faded altar of an unknown god.
   317 | D:1      | Reached XP level 3. HP: 26/26 MP: 3/8
   320 | D:1      | Learned a level 2 spell: Searing Ray
   591 | D:2      | Reached XP level 4. HP: 33/33 MP: 5/10
   694 | D:3      | Noticed Pargi
   698 | D:3      | Slain by Pargi

Illustrated notes

Levels and vault maps discovered:
D:1:      nicolae_arrival_memento_mori, layout_loops_ring
D:2:      layout_basic, serial_curves, eino_curves_01, eino_curves_02,
          shapermc_ecumenical_altar_acropolis, uniq_crazy_yiuf_cottage
D:3:      layout_basic, gammafunk_temple_overflow_elements, uniq_pargi

Skill      XL: |  1  2 |
---------------+-------+-----
Conjurations   | 5 |  5.6
Spellcasting   | 3 |  3.8
Dodging        | |  2.6
Stealth        | |  1.5

Action                   |  1- 3 |  4- 6 || total
-------------------------+-------+-------++-------
Melee: Hand axe          |    10 |       ||    10
 Cast: Magic Dart        |    29 |     2 ||    31
       Searing Ray       |     2 |     2 ||     4
Armor: Robe              |     5 |       ||     5
Dodge: Dodged            |     6 |     1 ||     7
